 Dungeon Crawl Stone Soup version 0.19-a0-562-g1076154 (webtiles) character file.

34 IamBaum the Stinger (level 3, 0/31 HPs)
             Began as an Octopode Venom Mage on June 8, 2016.
             Slain by an adder (1 damage)
             ... on level 1 of the Dungeon.
             The game lasted 00:10:46 (1714 turns).

IamBaum the Stinger (Octopode Venom Mage)           Turns: 1714, Time: 00:10:46

Health: 0/31       AC: 21    Str:  7    XL:     3   Next: 31%
Magic:  2/6        EV:  2    Int: 18    God:
Gold:   58         SH:  0    Dex: 12    Spells: 2 memorised, 2 levels left

rFire  . . .     SeeInvis .     g - +0 dagger
rCold  . . .     Gourm    +     (no shield)
rNeg   + + +     Faith    .     (helmet currently unavailable)
rPois  +         Spirit   .     f - amulet of the gourmand
rElec  .         Dismiss  .     (no ring)
rCorr  .         Reflect  .     (no ring)
SustAt .         Harm     .     (no ring)
MR     .....     NoTele   +     (no ring)
Stlth  +++.......               (no ring)
                                (no ring)
                                (no ring)
                                (no ring)

@: lethally poisoned (0 -> -4), tree-form, not resistant to hostile
enchantments, fairly stealthy
A: almost no armour, (amphibious), 8 rings, (constrict 8), (camouflage 0),
(gelatinous body 0)
a: no special abilities


You were on level 1 of the Dungeon.
You were very full.
You were a tree.
You visited 1 branch of the dungeon, and saw 2 of its levels.

You collected 58 gold pieces.

Inventory:

Hand Weapons
 g - a +0 dagger (weapon)
Jewellery
 f - an amulet of the gourmand (around neck)
Scrolls
 e - a scroll of immolation {unknown}
 h - 2 scrolls of remove curse {unknown}
Potions
 c - a potion of lignification
Books
 a - a Young Poisoner's Handbook

   Spells                             Type                      Level
   a - Sting                          Conjuration/Poison           1
   b - Cure Poison                    Poison                       2
   c - Mephitic Cloud                 Conjuration/Poison/Air       3
   d - Olgreb's Toxic Radiance        Poison                       4
   e - Venom Bolt                     Conjuration/Poison           5
Comestibles
 b - a bread ration
 d - a beef jerky


   Skills:
 + Level 2.2 Dodging
 + Level 2.8 Stealth
 + Level 2.2 Spellcasting
 * Level 0.2 Conjurations
 * Level 5.6 Poison Magic


You had 2 spell levels left.
You knew the following spells:

 Your Spells              Type           Power        Failure   Level  Hunger
a - Sting                 Conj/Pois      ##..         6%          1    #......
b - Mephitic Cloud        Conj/Pois/Air  #.......     24%         3    ###....


Dungeon Overview and Level Annotations

Branches:
Dungeon (2/15)

Altars:


Innate Abilities, Weirdness & Mutations

You cannot wear most types of armour.
((You are amphibious.))
You can wear up to eight rings at the same time.
((You can use your tentacles to constrict eight enemies at once.))
((Your skin changes colour to match your surroundings (Stealth+).))
((Your rubbery body absorbs attacks. (AC +1)))


Message History

* * * LOW HITPOINT WARNING * * *
You are more poisoned.
The adder poisons you!
It was a potion of lignification.
You turn into a tree.
Your roots penetrate the ground.
* * * LOW HITPOINT WARNING * * *
You feel sick. The adder bites you but does no damage.
Memorise Cure Poison, consuming 2 spell levels and leaving 0?
Your memorisation is interrupted.
* * * LOW HITPOINT WARNING * * *
You feel sick. The adder bites you but does no damage.
Casting: Sting
Confirm with . or Enter, or press ? or * to list all spells.
You don't know that spell.
Eat which item? (? for menu, Esc to quit)
The adder bites you but does no damage.
You continue eating.
* * * LOW HITPOINT WARNING * * *
You feel sick. The adder bites you.
You die...

#.#########.#.#.#.########.##
#...........#...............#
##########..#####.###########
###### #........# .....#
#..####### ####.# ########.##
...#.# #......#..# ##.#.#
#......##.# ...#.#
#......##♣# ..##.#
#......##S## .....#
#......##K.#
#.######......###.#
......##.........>#
#.###.###.######.##
#.#.....#..#.##..#
..#.#.#.#....##.##
###.#.#.##.#.#..#


You could see an adder and a kobold.

Vanquished Creatures
  8 bats (D:1)
  3 giant cockroaches (D:1)
  4 goblins (D:1)
  3 hobgoblins (D:1)
  4 jackals (D:1)
  4 kobolds
  4 rats (D:1)
30 creatures vanquished.

Notes
Turn   | Place    | Note
--------------------------------------------------------------
     0 | D:1      | IamBaum the Octopode Venom Mage began the quest for the Orb.
     0 | D:1      | Reached XP level 1. HP: 11/11 MP: 3/3
    35 | D:1      | Reached skill level 5 in Poison Magic
   388 | D:1      | Reached XP level 2. HP: 17/17 MP: 0/5
  1312 | D:1      | Reached XP level 3. HP: 21/21 MP: 4/6
  1454 | D:1      | Learned a level 3 spell: Mephitic Cloud
  1714 | D:1      | HP: 1/31 [poisoned by an adder]
  1714 | D:1      | Slain by an adder

Vault maps used:
D:1:      elethiomel_arrival_quiet, nrook_mini_vaults

Skill      XL: |  1 |
---------------+----+-----
Poison Magic   | 5 |  5.6
Dodging        | |  2.2
Stealth        | |  2.8
Spellcasting   | |  2.2
Conjurations   | |  0.2

Action                   || total
-------------------------++-------
Melee: Unarmed           ||     8
       Constrict         ||     3
       Tentacles         ||     2
       Dagger            ||     2
 Cast: Sting             ||    58
  Use: Potion            ||     1
  Eat: Chunk             ||     7
       Bread ration      ||     1
Armor: Skin              ||     5
Dodge: Dodged            ||    16
